AoeStats
← mario12111988

Arena

510452043Analyzed
1v1 RM · 12h ago on Oct 1, 2026· 37m 25s· 2 players
Game mode
Random Map
Map size
Tiny (2 player)
Population
200
Speed
Normal
Resources
Standard
Victory
Conquest
Starting age
Dark Age
Ending age
Imperial Age
RankedLock teamsTeams togetherTeam positionsShared explorationLock speedFull tech treeHidden civsTurbo modeCheats
Victory
Defeat
🇺🇾 Sicilians · Uruguay
661
+17
🇪🇨 Khmer · Ecuador
676
-17
mario12111988
11:10 Feudal Age
9:29 Loom
11:38 Double-Bit Axe
11:59 Horse Collar
24:27 Castle Age
25:26 Fletching
25:47 Forging
25:41 Scale Mail Armor
32:53 First Crusade
WinyHornet8
11:17 Feudal Age
16:03 Castle Age
14:33 Double-Bit Axe
14:47 Horse Collar
15:16 Gold Mining
15:30 Stone Mining
18:27 Pikeman
35:47 Loom
36:35 Murder Holes
37:01 Ballistics
Connection lost

Rejoining the realm…

Still unreachable

The connection could not be restored.

Session expired

The server has moved on; the page needs a fresh start.